Connexion

BOSTON Bruins vs FLORIDA Panthers

Created - 2 septembre 2023 at 07:09

Goals
1 2 3 T
BOSTON Bruins 0 0 0 0
FLORIDA Panthers 1 3 2 6
Shots
1 2 3 T
BOSTON Bruins 11 10 2 23
FLORIDA Panthers 6 13 12 31

GoalsPenalties
1st period
1. FLORIDA Panthers , Rickard Rakell 5 (Carter Verhaeghe 5, Connor Timmins 5) at 9:50
Adam Boqvist (BOS) for Hooking (Minor) at 4:15
Michael Bunting (FLO) for Tripping (Minor) at 7:09
2nd period
2. FLORIDA Panthers , Nikolay Goldobin 5 (Kiril Kaprizov 4, Ian Cole 4) at 6:29
3. FLORIDA Panthers , Rickard Rakell 6 (Mikael Backlund 6, Noah Hanifin 5) at 13:15
4. FLORIDA Panthers , Mikael Backlund 5 (Jacob Trouba 3) at 17:50
Rasmus Andersson (BOS) for Hooking (Minor) at 1:06
Ian Cole (FLO) for Hooking (Minor) at 10:03
Jacob Trouba (FLO) for Hooking (Minor) at 15:15
3rd period
5. FLORIDA Panthers , Michael Bunting 1 (Mark Scheifele 4, Connor Timmins 6) at 4:33
6. FLORIDA Panthers , Carter Verhaeghe 4 (Mikael Backlund 7, Mario Ferraro 3) at 7:46 (PP)
Jamie Drysdale (BOS) for Interference (Minor) at 7:04
Colton White (FLO) for Roughing (Minor) at 16:19
Mikael Granlund (BOS) for Hooking (Minor) at 16:19
Ian Cole (FLO) for Delaying the game (Minor) at 19:48
Goalie Stats
Frederik Andersen (BOS), 15 saves from 19 shots - (0,789), L, 4-6-2, 37:50 minutes
Jake Allen (BOS), 10 saves from 12 shots - (0,833), 22:10 minutes
Petr Mrazek (FLO), 23 saves from 23 shots - (1,000), W, 5-6-0, 60:00 minutes
3 StarsOfficial
1 - Mikael Backlund (FLO)
2 - Rickard Rakell (FLO)
3 - Carter Verhaeghe (FLO)
Referees : Don Koharski and Chris Lee
Linesman : Pierre Racicot and Don Henderson
Game Note
Jake Allen enters game at 17:50 of 2nd period
Finance
Level 1 -- Attendance: 5937 (98,95%) -- Ticket Income 771 810 $
Level 2 -- Attendance: 5673 (90,77%) -- Ticket Income 368 745 $
Level 3 -- Attendance: 1956 (97,80%) -- Ticket Income 97 800 $
Level 4 -- Attendance: 3642 (91,05%) -- Ticket Income 109 260 $
Luxury Box -- Attendance: 918 (91,80%) -- Ticket Income 220 320 $
Game was played at the BankAtlantic Center.
Total Attendance: 18126 (94,16%)
Total Ticket Income: 1 567 935 $
Other Income: 313 587 $
Total Income: 1 881 522 $



Team Name Goals Shots Shots Attemp Shots Blocked PIM HIT PP PK FO%
BOSTON Bruins 0234878140 / 4 (0%)148%
FLORIDA Panthers 63157610181 / 3 (33%)052%

BOSTON Bruins
Player Name POS G A P +/- PIM HIT SHT SB MP PP MP PP SHT PK MP PK SHT FO% FOT
Adam BoqvistD000-1201223:413:2010:5000% 0
Andre BurakovskyC/LW/RW000-1001017:103:1803:2500% 2
Chris KreiderLW/RW000-3023017:183:1810:00020% 5
Cody GlassC000-1000012:230:0001:09031% 13
Dmitri OrlovD000-1022224:202:4812:0000% 0
Elias PetterssonC000-1001020:033:1810:00046% 26
Henri JokiharjuD000-3031114:300:0000:0000% 0
Jamie DrysdaleD000-1201220:273:2011:5800% 0
Joe PavelskiC/LW/RW0000002010:002:5011:0900% 1
Jonathan MarchessaultRW000-1023019:352:5030:00075% 4
Kaapo KakkoRW000-3001015:110:0000:280100% 1
Max LajoieD000-3010017:210:0002:5100% 0
Mikael GranlundC/LW000-1224019:342:5000:00075% 4
Rasmus AnderssonD000-1210019:382:4801:4100% 0
Ryan Carpenter C/RW000000109:390:0003:09060% 15
Thomas NovakC000-3000014:430:0000:00057% 14
Walker DuehrRW000000006:480:0000:0000% 0
Zachary SenyshynRW000-1012010:560:0000:0000% 0
FLORIDA Panthers
Player Name POS G A P +/- PIM HIT SHT SB MP PP MP PP SHT PK MP PK SHT FO% FOT
Barclay GoodrowLW/RW0001020010:350:0000:000100% 1
Carter VerhaegheC/RW1123013018:143:0410:5600% 1
Cody EakinC/LW0001012017:531:3610:00044% 18
Colton WhiteD0002201113:530:0001:5300% 0
Connor TimminsD0222000012:280:0000:2700% 0
Ian ColeD0111401022:422:2101:4600% 0
Jacob TroubaD0112251122:542:1912:0200% 0
Justin ScottC/LW/RW000001118:470:0001:4600% 0
Kiril KaprizovLW0111011022:561:3603:58050% 4
Logan BrownC000001006:440:0000:00075% 4
Mario FerraroD0111010021:052:1903:1400% 0
Mark ScheifeleC0111023119:113:0403:50048% 27
Michael BuntingLW1011201010:340:0000:0000% 1
Mikael BacklundC/LW1233023118:443:0411:46056% 27
Morgan GeekieC000000106:440:0000:000100% 1
Nikolay GoldobinLW/RW1011009017:531:3600:0000% 0
Noah HanifinD0112001026:542:2112:5400% 0
Rickard RakellC/LW/RW2023013113:370:0000:000100% 1



Play-by-Play

1st period


0:01 of 1st period - Elias Pettersson wins face-off versus Cody Eakin in neutral zone.
0:14 of 1st period - Shot by Nikolay Goldobin.
0:14 of 1st period - Stopped by Frederik Andersen without a rebound.
0:15 of 1st period - Thomas Novak wins face-off versus Mikael Backlund in BOSTON Bruins zone.
0:31 of 1st period - Icing by Ian Cole.
0:32 of 1st period - Mikael Backlund wins face-off versus Cody Glass in FLORIDA Panthers zone.
0:41 of 1st period - Shot by Carter Verhaeghe.
0:41 of 1st period - Shot Misses the Net.
0:50 of 1st period - Andre Burakovsky is hit by Mario Ferraro and loses puck.
0:57 of 1st period - Shot by Cody Glass.
0:57 of 1st period - Deflect By Zachary Senyshyn.
0:57 of 1st period - Shot Misses the Net.
1:04 of 1st period - Icing by Rickard Rakell.
1:05 of 1st period - Elias Pettersson wins face-off versus Mikael Backlund in FLORIDA Panthers zone.
1:08 of 1st period - Shot by Mikael Granlund.
1:08 of 1st period - Stopped by Petr Mrazek without a rebound.
1:09 of 1st period - Elias Pettersson wins face-off versus Mark Scheifele in FLORIDA Panthers zone.
2:09 of 1st period - Icing by Jacob Trouba.
2:10 of 1st period - Thomas Novak wins face-off versus Cody Eakin in FLORIDA Panthers zone.
2:10 of 1st period - Rasmus Andersson is hit by Jacob Trouba and loses puck.
2:46 of 1st period - Kaapo Kakko is hit by Jacob Trouba and loses puck.
3:58 of 1st period - Icing by Adam Boqvist.
3:59 of 1st period - Mikael Backlund wins face-off versus Cody Glass in BOSTON Bruins zone.
4:04 of 1st period - Shot by Carter Verhaeghe.
4:04 of 1st period - Shot Blocked by Adam Boqvist.
4:06 of 1st period - Shot by Rickard Rakell.
4:06 of 1st period - Shot Blocked by Dmitri Orlov.
4:15 of 1st period - Minor Penalty to Adam Boqvist for Hooking.
4:16 of 1st period - Ryan Carpenter wins face-off versus Mikael Backlund in BOSTON Bruins zone.
4:16 of 1st period - Ryan Carpenter is hit by Carter Verhaeghe.
6:06 of 1st period - Shot by Mark Scheifele.
6:06 of 1st period - Shot Misses the Net.
6:08 of 1st period - Shot by Noah Hanifin.
6:08 of 1st period - Stopped by Frederik Andersen without a rebound.
6:09 of 1st period - Ryan Carpenter wins face-off versus Cody Eakin in BOSTON Bruins zone.
6:26 of 1st period - Shot by Colton White.
6:26 of 1st period - Shot Misses the Net.
6:35 of 1st period - Icing by Adam Boqvist.
6:36 of 1st period - Jonathan Marchessault wins face-off versus Mark Scheifele in BOSTON Bruins zone.
6:44 of 1st period - Icing by Mark Scheifele.
6:45 of 1st period - Mark Scheifele wins face-off versus Chris Kreider in FLORIDA Panthers zone.
7:09 of 1st period - Minor Penalty to Michael Bunting for Tripping.
7:10 of 1st period - Mikael Granlund wins face-off versus Mark Scheifele in FLORIDA Panthers zone.
7:45 of 1st period - Shot by Jonathan Marchessault.
7:45 of 1st period - Stopped by Petr Mrazek with a rebound.
7:47 of 1st period - Shot by Jonathan Marchessault.
7:47 of 1st period - Shot Misses the Net.
7:49 of 1st period - Shot by Adam Boqvist.
7:49 of 1st period - Deflect By Jonathan Marchessault.
7:49 of 1st period - Stopped by Petr Mrazek without a rebound.
7:50 of 1st period - Elias Pettersson wins face-off versus Mikael Backlund in FLORIDA Panthers zone.
8:15 of 1st period - Shot by Elias Pettersson.
8:15 of 1st period - Stopped by Petr Mrazek without a rebound.
8:16 of 1st period - Mikael Granlund wins face-off versus Mikael Backlund in FLORIDA Panthers zone.
8:49 of 1st period - Shot by Dmitri Orlov.
8:49 of 1st period - Stopped by Petr Mrazek without a rebound.
8:50 of 1st period - Elias Pettersson wins face-off versus Mark Scheifele in FLORIDA Panthers zone.
8:57 of 1st period - Shot by Chris Kreider.
8:57 of 1st period - Stopped by Petr Mrazek with a rebound.
8:59 of 1st period - Shot by Andre Burakovsky.
8:59 of 1st period - Shot Misses the Net.
9:01 of 1st period - Shot by Andre Burakovsky.
9:01 of 1st period - Shot Misses the Net.
9:03 of 1st period - Shot by Andre Burakovsky.
9:03 of 1st period - Shot Blocked by Jacob Trouba.
9:05 of 1st period - Shot by Jamie Drysdale.
9:05 of 1st period - Stopped by Petr Mrazek without a rebound.
9:06 of 1st period - Elias Pettersson wins face-off versus Mark Scheifele in FLORIDA Panthers zone.
9:45 of 1st period - Rickard Rakell is hit by Henri Jokiharju and loses puck.
9:50 of 1st period - Shot by Rickard Rakell.
9:50 of 1st period - Goal by Rickard Rakell - BOSTON Bruins : 0 - FLORIDA Panthers : 1.
9:51 of 1st period - Cody Eakin wins face-off versus Elias Pettersson in neutral zone.
9:55 of 1st period - Kiril Kaprizov is hit by Dmitri Orlov and loses puck.
10:07 of 1st period - Off-side.
10:08 of 1st period - Barclay Goodrow wins face-off versus Andre Burakovsky in neutral zone.
10:19 of 1st period - Shot by Cody Glass.
10:19 of 1st period - Shot Misses the Net.
10:21 of 1st period - Shot by Andre Burakovsky.
10:21 of 1st period - Stopped by Petr Mrazek without a rebound.
10:22 of 1st period - Cody Eakin wins face-off versus Elias Pettersson in FLORIDA Panthers zone.
10:33 of 1st period - Shot by Nikolay Goldobin.
10:33 of 1st period - Stopped by Frederik Andersen with a rebound.
11:29 of 1st period - Rasmus Andersson is hit by Mikael Backlund and loses puck.
11:46 of 1st period - Icing by Mario Ferraro.
11:47 of 1st period - Mikael Backlund wins face-off versus Cody Glass in FLORIDA Panthers zone.
12:13 of 1st period - Icing by Henri Jokiharju.
12:14 of 1st period - Mark Scheifele wins face-off versus Cody Glass in BOSTON Bruins zone.
13:43 of 1st period - Shot by Dmitri Orlov.
13:43 of 1st period - Stopped by Petr Mrazek without a rebound.
13:44 of 1st period - Mikael Backlund wins face-off versus Chris Kreider in FLORIDA Panthers zone.
13:57 of 1st period - Shot by Rickard Rakell.
13:57 of 1st period - Stopped by Frederik Andersen with a rebound.
14:11 of 1st period - Shot by Carter Verhaeghe.
14:11 of 1st period - Shot Blocked by Jamie Drysdale.
14:23 of 1st period - Rickard Rakell is hit by Chris Kreider and loses puck.
14:56 of 1st period - Shot by Mikael Granlund.
14:56 of 1st period - Stopped by Petr Mrazek without a rebound.
14:57 of 1st period - Cody Eakin wins face-off versus Ryan Carpenter in FLORIDA Panthers zone.
15:19 of 1st period - Shot by Ryan Carpenter .
15:19 of 1st period - Stopped by Petr Mrazek without a rebound.
15:20 of 1st period - Mark Scheifele wins face-off versus Elias Pettersson in FLORIDA Panthers zone.
15:45 of 1st period - Shot by Jonathan Marchessault.
15:45 of 1st period - Shot Misses the Net.
15:59 of 1st period - Shot by Michael Bunting.
15:59 of 1st period - Shot Misses the Net.
16:01 of 1st period - Shot by Mark Scheifele.
16:01 of 1st period - Stopped by Frederik Andersen without a rebound.
16:02 of 1st period - Thomas Novak wins face-off versus Cody Eakin in BOSTON Bruins zone.
16:11 of 1st period - Shot by Chris Kreider.
16:11 of 1st period - Shot Misses the Net.
16:17 of 1st period - Shot by Thomas Novak.
16:17 of 1st period - Shot Misses the Net.
18:03 of 1st period - Icing by Mario Ferraro.
18:04 of 1st period - Jonathan Marchessault wins face-off versus Mikael Backlund in FLORIDA Panthers zone.
18:35 of 1st period - Shot by Justin Scott.
18:35 of 1st period - Shot Misses the Net.
18:46 of 1st period - Jonathan Marchessault is hit by Jacob Trouba and loses puck.
19:12 of 1st period - Off-side.
19:13 of 1st period - Ryan Carpenter wins face-off versus Cody Eakin in neutral zone.
19:20 of 1st period - Rasmus Andersson is hit by Cody Eakin.
19:40 of 1st period - Shot by Kiril Kaprizov.
19:40 of 1st period - Deflect By Nikolay Goldobin.
19:40 of 1st period - Shot Misses the Net.
19:53 of 1st period - Walker Duehr is hit by Kiril Kaprizov and loses puck.
Goals for this period are 0 for BOSTON Bruins vs 1 for FLORIDA Panthers.
Shots for this period are 11 for BOSTON Bruins vs 6 for FLORIDA Panthers.

2nd period


0:01 of 2nd period - Cody Eakin wins face-off versus Elias Pettersson in neutral zone.
0:05 of 2nd period - Nikolay Goldobin is hit by Dmitri Orlov.
1:06 of 2nd period - Minor Penalty to Rasmus Andersson for Hooking.
1:07 of 2nd period - Ryan Carpenter wins face-off versus Mikael Backlund in BOSTON Bruins zone.
1:07 of 2nd period - Ryan Carpenter is hit by Mikael Backlund.
1:19 of 2nd period - Shot by Mikael Backlund.
1:19 of 2nd period - Stopped by Frederik Andersen without a rebound.
1:20 of 2nd period - Ryan Carpenter wins face-off versus Mikael Backlund in BOSTON Bruins zone.
1:20 of 2nd period - Ryan Carpenter is hit by Mark Scheifele.
1:57 of 2nd period - Shot by Jacob Trouba.
1:57 of 2nd period - Stopped by Frederik Andersen without a rebound.
1:58 of 2nd period - Cody Eakin wins face-off versus Joe Pavelski in BOSTON Bruins zone.
2:19 of 2nd period - Shot by Ian Cole.
2:19 of 2nd period - Shot Blocked by Adam Boqvist.
2:21 of 2nd period - Shot by Cody Eakin.
2:21 of 2nd period - Stopped by Frederik Andersen without a rebound.
2:22 of 2nd period - Mikael Backlund wins face-off versus Ryan Carpenter in BOSTON Bruins zone.
4:04 of 2nd period - Shot by Thomas Novak.
4:04 of 2nd period - Shot Misses the Net.
4:06 of 2nd period - Shot by Kaapo Kakko.
4:06 of 2nd period - Shot Hit the Post.
4:08 of 2nd period - Shot by Thomas Novak.
4:08 of 2nd period - Deflect By Kaapo Kakko.
4:08 of 2nd period - Stopped by Petr Mrazek without a rebound.
4:09 of 2nd period - Cody Glass wins face-off versus Cody Eakin in FLORIDA Panthers zone.
4:42 of 2nd period - Shot by Nikolay Goldobin.
4:42 of 2nd period - Stopped by Frederik Andersen with a rebound.
4:44 of 2nd period - Shot by Jacob Trouba.
4:44 of 2nd period - Shot Blocked by Dmitri Orlov.
4:46 of 2nd period - Shot by Cody Eakin.
4:46 of 2nd period - Stopped by Frederik Andersen without a rebound.
4:47 of 2nd period - Rickard Rakell wins face-off versus Elias Pettersson in BOSTON Bruins zone.
4:51 of 2nd period - Mikael Backlund is hit by Max Lajoie and loses puck.
5:08 of 2nd period - Off-side.
5:09 of 2nd period - Thomas Novak wins face-off versus Mark Scheifele in neutral zone.
6:27 of 2nd period - Shot by Nikolay Goldobin.
6:27 of 2nd period - Stopped by Frederik Andersen with a rebound.
6:29 of 2nd period - Shot by Nikolay Goldobin.
6:29 of 2nd period - Goal by Nikolay Goldobin - BOSTON Bruins : 0 - FLORIDA Panthers : 2.
6:30 of 2nd period - Mikael Backlund wins face-off versus Andre Burakovsky in neutral zone.
6:41 of 2nd period - Rickard Rakell is hit by Zachary Senyshyn and loses puck.
6:54 of 2nd period - Shot by Cody Glass.
6:54 of 2nd period - Shot Misses the Net.
6:56 of 2nd period - Shot by Zachary Senyshyn.
6:56 of 2nd period - Stopped by Petr Mrazek without a rebound.
6:57 of 2nd period - Mark Scheifele wins face-off versus Elias Pettersson in FLORIDA Panthers zone.
7:04 of 2nd period - Shot by Mark Scheifele.
7:04 of 2nd period - Shot Misses the Net.
7:18 of 2nd period - Shot by Mark Scheifele.
7:18 of 2nd period - Shot Hit the Post.
7:34 of 2nd period - Mark Scheifele is hit by Mikael Granlund and loses puck.
7:53 of 2nd period - Cody Eakin is hit by Mikael Granlund and loses puck.
8:02 of 2nd period - Shot by Nikolay Goldobin.
8:02 of 2nd period - Stopped by Frederik Andersen without a rebound.
8:03 of 2nd period - Mikael Backlund wins face-off versus Thomas Novak in BOSTON Bruins zone.
8:10 of 2nd period - Shot by Rickard Rakell.
8:10 of 2nd period - Shot Misses the Net.
8:21 of 2nd period - Mikael Backlund is hit by Chris Kreider and loses puck.
8:41 of 2nd period - Shot by Carter Verhaeghe.
8:41 of 2nd period - Stopped by Frederik Andersen without a rebound.
8:42 of 2nd period - Cody Glass wins face-off versus Cody Eakin in BOSTON Bruins zone.
8:58 of 2nd period - Noah Hanifin is hit by Henri Jokiharju and loses puck.
9:01 of 2nd period - Shot by Cody Eakin.
9:01 of 2nd period - Shot Blocked by Henri Jokiharju.
9:03 of 2nd period - Shot by Noah Hanifin.
9:03 of 2nd period - Shot Misses the Net.
10:03 of 2nd period - Minor Penalty to Ian Cole for Hooking.
10:04 of 2nd period - Kiril Kaprizov wins face-off versus Jonathan Marchessault in FLORIDA Panthers zone.
10:35 of 2nd period - Shot by Mikael Granlund.
10:35 of 2nd period - Shot Blocked by Mark Scheifele.
10:37 of 2nd period - Shot by Joe Pavelski.
10:37 of 2nd period - Stopped by Petr Mrazek with a rebound.
10:39 of 2nd period - Shot by Jonathan Marchessault.
10:39 of 2nd period - Stopped by Petr Mrazek without a rebound.
10:40 of 2nd period - Chris Kreider wins face-off versus Mark Scheifele in FLORIDA Panthers zone.
10:41 of 2nd period - Shot by Adam Boqvist.
10:41 of 2nd period - Stopped by Petr Mrazek without a rebound.
10:42 of 2nd period - Elias Pettersson wins face-off versus Mark Scheifele in FLORIDA Panthers zone.
11:33 of 2nd period - Icing by Andre Burakovsky.
11:34 of 2nd period - Elias Pettersson wins face-off versus Mark Scheifele in BOSTON Bruins zone.
12:12 of 2nd period - Icing by Max Lajoie.
12:13 of 2nd period - Logan Brown wins face-off versus Ryan Carpenter in BOSTON Bruins zone.
12:40 of 2nd period - Shot by Morgan Geekie.
12:40 of 2nd period - Stopped by Frederik Andersen without a rebound.
12:41 of 2nd period - Mikael Backlund wins face-off versus Elias Pettersson in BOSTON Bruins zone.
12:42 of 2nd period - Shot by Carter Verhaeghe.
12:42 of 2nd period - Deflect By Mikael Backlund.
12:42 of 2nd period - Stopped by Frederik Andersen without a rebound.
12:43 of 2nd period - Mikael Backlund wins face-off versus Elias Pettersson in BOSTON Bruins zone.
12:51 of 2nd period - Elias Pettersson is hit by Rickard Rakell and loses puck.
13:01 of 2nd period - Icing by Jacob Trouba.
13:02 of 2nd period - Mikael Backlund wins face-off versus Thomas Novak in FLORIDA Panthers zone.
13:15 of 2nd period - Shot by Mikael Backlund.
13:15 of 2nd period - Deflect By Rickard Rakell.
13:15 of 2nd period - Goal by Rickard Rakell - BOSTON Bruins : 0 - FLORIDA Panthers : 3.
13:16 of 2nd period - Cody Eakin wins face-off versus Cody Glass in neutral zone.
13:35 of 2nd period - Shot by Henri Jokiharju.
13:35 of 2nd period - Stopped by Petr Mrazek without a rebound.
13:36 of 2nd period - Elias Pettersson wins face-off versus Mikael Backlund in FLORIDA Panthers zone.
13:36 of 2nd period - Elias Pettersson is hit by Jacob Trouba.
13:50 of 2nd period - Shot by Elias Pettersson.
13:50 of 2nd period - Shot Misses the Net.
13:53 of 2nd period - Icing by Noah Hanifin.
13:54 of 2nd period - Thomas Novak wins face-off versus Mikael Backlund in FLORIDA Panthers zone.
13:54 of 2nd period - Jamie Drysdale is hit by Jacob Trouba and loses puck.
14:13 of 2nd period - Icing by Jamie Drysdale.
14:14 of 2nd period - Thomas Novak wins face-off versus Cody Eakin in BOSTON Bruins zone.
14:25 of 2nd period - Shot by Thomas Novak.
14:25 of 2nd period - Shot Misses the Net.
14:27 of 2nd period - Shot by Chris Kreider.
14:27 of 2nd period - Stopped by Petr Mrazek with a rebound.
14:29 of 2nd period - Shot by Chris Kreider.
14:29 of 2nd period - Stopped by Petr Mrazek without a rebound.
14:30 of 2nd period - Mark Scheifele wins face-off versus Elias Pettersson in FLORIDA Panthers zone.
15:01 of 2nd period - Shot by Mikael Granlund.
15:01 of 2nd period - Shot Misses the Net.
15:03 of 2nd period - Shot by Mikael Granlund.
15:03 of 2nd period - Stopped by Petr Mrazek with a rebound.
15:15 of 2nd period - Minor Penalty to Jacob Trouba for Hooking.
15:16 of 2nd period - Mark Scheifele wins face-off versus Chris Kreider in FLORIDA Panthers zone.
15:47 of 2nd period - Shot by Andre Burakovsky.
15:47 of 2nd period - Shot Blocked by Justin Scott.
16:00 of 2nd period - Icing by Jamie Drysdale.
16:01 of 2nd period - Mark Scheifele wins face-off versus Mikael Granlund in BOSTON Bruins zone.
17:24 of 2nd period - Shot by Chris Kreider.
17:24 of 2nd period - Shot Misses the Net.
17:28 of 2nd period - Shot by Kaapo Kakko.
17:28 of 2nd period - Shot Misses the Net.
17:40 of 2nd period - Shot by Kaapo Kakko.
17:40 of 2nd period - Shot Blocked by Rickard Rakell.
17:44 of 2nd period - Shot by Thomas Novak.
17:44 of 2nd period - Shot Blocked by Mikael Backlund.
17:50 of 2nd period - Shot by Mikael Backlund.
17:50 of 2nd period - Goal by Mikael Backlund - BOSTON Bruins : 0 - FLORIDA Panthers : 4.
17:50 of 2nd period - Jake Allen enters game.
17:51 of 2nd period - Logan Brown wins face-off versus Cody Glass in neutral zone.
18:28 of 2nd period - Shot by Zachary Senyshyn.
18:28 of 2nd period - Deflect By Andre Burakovsky.
18:28 of 2nd period - Shot Misses the Net.
18:58 of 2nd period - Shot by Joe Pavelski.
18:58 of 2nd period - Stopped by Petr Mrazek without a rebound.
18:59 of 2nd period - Mikael Backlund wins face-off versus Elias Pettersson in FLORIDA Panthers zone.
19:03 of 2nd period - Rickard Rakell is hit by Jonathan Marchessault and loses puck.
Goals for this period are 0 for BOSTON Bruins vs 3 for FLORIDA Panthers.
Shots for this period are 10 for BOSTON Bruins vs 13 for FLORIDA Panthers.

3rd period


0:01 of 3rd period - Mikael Granlund wins face-off versus Cody Eakin in neutral zone.
0:22 of 3rd period - Shot by Nikolay Goldobin.
0:22 of 3rd period - Stopped by Jake Allen with a rebound.
2:19 of 3rd period - Off-side.
2:20 of 3rd period - Ryan Carpenter wins face-off versus Mark Scheifele in neutral zone.
2:20 of 3rd period - Dmitri Orlov is hit by Barclay Goodrow and loses puck.
2:31 of 3rd period - Shot by Mark Scheifele.
2:31 of 3rd period - Shot Misses the Net.
2:33 of 3rd period - Shot by Colton White.
2:33 of 3rd period - Stopped by Jake Allen with a rebound.
2:55 of 3rd period - Icing by Connor Timmins.
2:56 of 3rd period - Elias Pettersson wins face-off versus Mark Scheifele in FLORIDA Panthers zone.
3:03 of 3rd period - Shot by Mikael Granlund.
3:03 of 3rd period - Shot Misses the Net.
3:08 of 3rd period - Off-side.
3:09 of 3rd period - Morgan Geekie wins face-off versus Chris Kreider in neutral zone.
3:14 of 3rd period - Shot by Justin Scott.
3:14 of 3rd period - Stopped by Jake Allen without a rebound.
3:15 of 3rd period - Elias Pettersson wins face-off versus Kiril Kaprizov in BOSTON Bruins zone.
4:25 of 3rd period - Shot by Mikael Backlund.
4:25 of 3rd period - Deflect By Rickard Rakell.
4:25 of 3rd period - Shot Misses the Net.
4:27 of 3rd period - Shot by Ian Cole.
4:27 of 3rd period - Stopped by Jake Allen without a rebound.
4:28 of 3rd period - Cody Glass wins face-off versus Mark Scheifele in BOSTON Bruins zone.
4:33 of 3rd period - Shot by Mark Scheifele.
4:33 of 3rd period - Deflect By Michael Bunting.
4:33 of 3rd period - Goal by Michael Bunting - BOSTON Bruins : 0 - FLORIDA Panthers : 5.
4:34 of 3rd period - Mark Scheifele wins face-off versus Thomas Novak in neutral zone.
4:51 of 3rd period - Shot by Kaapo Kakko.
4:51 of 3rd period - Shot Blocked by Colton White.
4:54 of 3rd period - Icing by Connor Timmins.
4:55 of 3rd period - Mark Scheifele wins face-off versus Cody Glass in FLORIDA Panthers zone.
5:49 of 3rd period - Off-side.
5:50 of 3rd period - Mikael Backlund wins face-off versus Elias Pettersson in neutral zone.
6:13 of 3rd period - Shot by Carter Verhaeghe.
6:13 of 3rd period - Shot Misses the Net.
7:04 of 3rd period - Shot by Kiril Kaprizov.
7:04 of 3rd period - Stopped by Jake Allen without a rebound.
7:04 of 3rd period - Minor Penalty to Jamie Drysdale for Interference.
7:05 of 3rd period - Ryan Carpenter wins face-off versus Cody Eakin in BOSTON Bruins zone.
7:17 of 3rd period - Off-side.
7:18 of 3rd period - Ryan Carpenter wins face-off versus Mikael Backlund in neutral zone.
7:35 of 3rd period - Andre Burakovsky is hit by Mark Scheifele and loses puck.
7:44 of 3rd period - Shot by Mario Ferraro.
7:44 of 3rd period - Shot Misses the Net.
7:46 of 3rd period - Shot by Mikael Backlund.
7:46 of 3rd period - Deflect By Carter Verhaeghe.
7:46 of 3rd period - Goal by Carter Verhaeghe - BOSTON Bruins : 0 - FLORIDA Panthers : 6.
7:47 of 3rd period - Cody Eakin wins face-off versus Thomas Novak in neutral zone.
7:57 of 3rd period - Icing by Dmitri Orlov.
7:58 of 3rd period - Thomas Novak wins face-off versus Logan Brown in BOSTON Bruins zone.
9:22 of 3rd period - Shot by Nikolay Goldobin.
9:22 of 3rd period - Stopped by Jake Allen without a rebound.
9:23 of 3rd period - Mikael Backlund wins face-off versus Cody Glass in BOSTON Bruins zone.
9:32 of 3rd period - Shot by Carter Verhaeghe.
9:32 of 3rd period - Stopped by Jake Allen without a rebound.
9:33 of 3rd period - Mark Scheifele wins face-off versus Ryan Carpenter in BOSTON Bruins zone.
9:44 of 3rd period - Shot by Ryan Carpenter .
9:44 of 3rd period - Shot Misses the Net.
9:53 of 3rd period - Mario Ferraro is hit by Henri Jokiharju and loses puck.
10:30 of 3rd period - Shot by Kiril Kaprizov.
10:30 of 3rd period - Shot Misses the Net.
11:11 of 3rd period - Icing by Max Lajoie.
11:12 of 3rd period - Mikael Backlund wins face-off versus Ryan Carpenter in BOSTON Bruins zone.
11:38 of 3rd period - Off-side.
11:39 of 3rd period - Mark Scheifele wins face-off versus Thomas Novak in neutral zone.
12:21 of 3rd period - Shot by Mark Scheifele.
12:21 of 3rd period - Shot Misses the Net.
12:23 of 3rd period - Shot by Mario Ferraro.
12:23 of 3rd period - Shot Misses the Net.
12:49 of 3rd period - Shot by Mikael Granlund.
12:49 of 3rd period - Stopped by Petr Mrazek without a rebound.
12:50 of 3rd period - Mikael Backlund wins face-off versus Cody Glass in FLORIDA Panthers zone.
14:12 of 3rd period - Shot by Noah Hanifin.
14:12 of 3rd period - Shot Misses the Net.
14:14 of 3rd period - Shot by Jacob Trouba.
14:14 of 3rd period - Shot Misses the Net.
14:16 of 3rd period - Shot by Nikolay Goldobin.
14:16 of 3rd period - Stopped by Jake Allen without a rebound.
14:17 of 3rd period - Jonathan Marchessault wins face-off versus Michael Bunting in BOSTON Bruins zone.
14:17 of 3rd period - Jonathan Marchessault is hit by Barclay Goodrow.
14:26 of 3rd period - Icing by Ian Cole.
14:27 of 3rd period - Thomas Novak wins face-off versus Mark Scheifele in FLORIDA Panthers zone.
14:53 of 3rd period - Shot by Mark Scheifele.
14:53 of 3rd period - Shot Blocked by Jamie Drysdale.
15:18 of 3rd period - Icing by Chris Kreider.
15:19 of 3rd period - Cody Eakin wins face-off versus Thomas Novak in BOSTON Bruins zone.
15:19 of 3rd period - Kiril Kaprizov is hit by Rasmus Andersson and loses puck.
16:16 of 3rd period - Icing by Rickard Rakell.
16:17 of 3rd period - Elias Pettersson wins face-off versus Mikael Backlund in FLORIDA Panthers zone.
16:19 of 3rd period - Minor Penalty to Colton White for Roughing.
16:19 of 3rd period - Minor Penalty to Mikael Granlund for Hooking.
16:20 of 3rd period - Ryan Carpenter wins face-off versus Kiril Kaprizov in FLORIDA Panthers zone.
16:35 of 3rd period - Shot by Mark Scheifele.
16:35 of 3rd period - Stopped by Jake Allen without a rebound.
16:36 of 3rd period - Mark Scheifele wins face-off versus Ryan Carpenter in BOSTON Bruins zone.
16:45 of 3rd period - Shot by Mark Scheifele.
16:45 of 3rd period - Stopped by Jake Allen without a rebound.
16:46 of 3rd period - Cody Glass wins face-off versus Mark Scheifele in BOSTON Bruins zone.
17:41 of 3rd period - Icing by Kaapo Kakko.
17:42 of 3rd period - Kaapo Kakko wins face-off versus Carter Verhaeghe in BOSTON Bruins zone.
18:21 of 3rd period - Jonathan Marchessault is hit by Justin Scott and loses puck.
18:25 of 3rd period - Icing by Henri Jokiharju.
18:26 of 3rd period - Logan Brown wins face-off versus Elias Pettersson in BOSTON Bruins zone.
18:37 of 3rd period - Justin Scott is hit by Jonathan Marchessault and loses puck.
18:50 of 3rd period - Mikael Granlund is hit by Logan Brown and loses puck.
19:27 of 3rd period - Shot by Zachary Senyshyn.
19:27 of 3rd period - Stopped by Petr Mrazek with a rebound.
19:48 of 3rd period - Minor Penalty to Ian Cole for Delaying the game.
19:49 of 3rd period - Kiril Kaprizov wins face-off versus Elias Pettersson in FLORIDA Panthers zone.
19:55 of 3rd period - Icing by Rasmus Andersson.
19:56 of 3rd period - Mark Scheifele wins face-off versus Elias Pettersson in BOSTON Bruins zone.
Goals for this period are 0 for BOSTON Bruins vs 2 for FLORIDA Panthers.
Shots for this period are 2 for BOSTON Bruins vs 12 for FLORIDA Panthers.